3416 views
Uploaded 2021-10-07 15:39:05
Game version 1.32.10
24:17 long 3on3 ladder game on (8)Battleground_LV
Saved by xzz
3416 views
Uploaded 2021-10-07 15:39:05
Game version 1.32.10
24:17 long 3on3 ladder game on (8)Battleground_LV


126 units @ 19.2k
/ 3.1k
67 buildings @ 9.7k
/ 4.5k


| Potion of Healing | 2 | 300 |
| Staff of Preservation | 1 | 150 |
| Moonstone | 1 | 50 |
| Scroll of Town Portal | 3 | 1050 |
| Boots of Speed | 1 | 250 |
| Potion of Lesser Invulnerability | 1 | 150 |
| total: | 9 | 1950g |
| Wisp | 33 | 1980 | / | 0 |
| Archer | 8 | 1040 | / | 80 |
| Hippogryph | 10 | 1600 | / | 200 |
| Chimaera | 10 | 3300 | / | 700 |
| total: | 61 | 7920g | / | 980w |
| Altar of Elders | 1 | 180 | / | 50 |
| Moon Well | 8 | 1440 | / | 320 |
| Ancient of War | 1 | 150 | / | 60 |
| Ancient of Wonders | 1 | 90 | / | 30 |
| Hunter's Hall | 1 | 210 | / | 100 |
| Tree of Life | 5 | 1700 | / | 925 |
| Ancient of Wind | 2 | 300 | / | 280 |
| Chimaera Roost | 2 | 280 | / | 380 |
| Tree of Ages | 1 | 320 | / | 180 |
| Tree of Eternity | 1 | 330 | / | 200 |
| total: | 21 | 4350g | / | 2145w |
| 0:03 | Wisp |
| 0:03 | Wisp |
| 0:10 | Altar of Elders |
| 0:12 | Moon Well |
| 0:14 | Wisp |
| 0:19 | Wisp |
| 0:31 | Wisp |
| 0:49 | Ancient of War |
| 0:53 | Wisp |
| 0:53 | Wisp |
| 1:09 | Wisp |
| 1:09 | Wisp |
| 1:17 | Wisp |
| 1:17 | Wisp |
| 1:41 | Moon Well |
| 1:43 | Wisp |
| 1:52 | Archer |
| 2:08 | Moon Well |
| 2:18 | Ancient of Wonders |
| 2:31 | Force of Nature |
| 2:40 | Archer |
| 2:43 | Wisp |
| 2:43 | Wisp |
| 3:04 | Archer |
| 3:17 | Moon Well |
| 3:19 | Archer |
| 3:47 | Tree of Ages |
| 4:09 | Entangling Roots |
| 4:13 | Hunter's Hall |
| 4:24 | Archer |
| 5:08 | Tree of Life |
| 5:27 | Archer |
| 5:27 | Archer |
| 5:49 | Archer |
| 6:24 | Ancient of Wind |
| 7:08 | Ancient of Wind |
| 7:16 | Trueshot Aura |
| 7:34 | Wisp |
| 7:35 | Wisp |
| 7:35 | Wisp |
| 7:35 | Wisp |
| 7:35 | Wisp |
| 7:56 | Entangling Roots |
| 8:10 | Hippogryph |
| 8:13 | Tree of Eternity |
| 9:05 | Scout |
| 9:07 | Scout |
| 9:15 | Boots of Speed |
| 9:18 | Potion of Lesser Invulnerability |
| 9:24 | Moon Well |
| 9:27 | Moon Well |
| 9:29 | Hippogryph |
| 9:34 | Hippogryph |
| 10:03 | Hippogryph |
| 10:07 | Moon Well |
| 10:27 | Moon Well |
| 10:30 | Hippogryph |
| 10:46 | Chimaera Roost |
| 10:50 | Chimaera Roost |
| 10:52 | Wisp |
| 10:52 | Wisp |
| 11:25 | Well Spring |
| 11:26 | Ultravision |
| 11:26 | Strength of the Wild |
| 12:04 | Reinforced Hides |
| 12:21 | Chimaera |
| 12:22 | Corrosive Breath |
| 13:10 | Tree of Life |
| 13:28 | Thorns Aura |
| 13:36 | Chimaera |
| 13:38 | Hippogryph |
| 14:39 | Trueshot Aura |
| 15:17 | Scroll of Town Portal |
| 15:17 | Potion of Healing |
| 15:31 | Chimaera |
| 15:32 | Improved Strength of the Wild |
| 15:35 | Wisp |
| 16:16 | Thorns Aura |
| 16:45 | Hippogryph |
| 16:46 | Chimaera |
| 16:49 | Wisp |
| 16:51 | Tranquility |
| 17:07 | Advanced Strength of the Wild |
| 17:45 | Scroll of Town Portal |
| 17:50 | Staff of Preservation |
| 17:54 | Wisp |
| 17:54 | Wisp |
| 17:54 | Wisp |
| 18:39 | Chimaera |
| 18:44 | Moonstone |
| 18:54 | Wisp |
| 19:17 | Scroll of Town Portal |
| 19:18 | Potion of Healing |
| 19:29 | Tree of Life |
| 19:55 | Chimaera |
| 19:56 | Chimaera |
| 19:57 | Hippogryph |
| 20:11 | Improved Reinforced Hides |
| 20:18 | Wisp |
| 21:03 | Tree of Life |
| 21:08 | Chimaera |
| 21:10 | Hippogryph |
| 21:51 | Tree of Life |
| 21:53 | Wisp |
| 21:54 | Wisp |
| 21:54 | Wisp |
| 21:54 | Wisp |
| 21:55 | Wisp |
| 22:26 | Advanced Reinforced Hides |
| 22:29 | Chimaera |
| 23:01 | Chimaera |
| 23:18 | Hippogryph |
| 24:04 | Scout |
| Right click | 535 |
| Select | 335 |
| Select group | 178 |
| Build/train/purchase | 105 |
| Use ability | 32 |
| Assign group | 27 |
| Item give/drop | 3 |
| Remove unit | 2 |

| Lesser Clarity Potion | 1 | 70 |
| Scroll of Regeneration | 2 | 200 |
| Orb of Fire | 1 | 325 |
| Potion of Healing | 1 | 150 |
| Potion of Mana | 1 | 200 |
| total: | 6 | 945g |
| Peasant | 18 | 1350 | / | 0 |
| Dragonhawk Rider | 2 | 400 | / | 60 |
| Gryphon Rider | 12 | 3360 | / | 840 |
| total: | 32 | 5110g | / | 900w |
| Scout Tower | 9 | 270 | / | 180 |
| Arcane Tower | 2 | 140 | / | 100 |
| Guard Tower | 6 | 420 | / | 300 |
| Altar of Kings | 1 | 180 | / | 50 |
| Farm | 12 | 960 | / | 240 |
| Lumber Mill | 1 | 120 | / | 0 |
| Town Hall | 1 | 385 | / | 205 |
| Arcane Vault | 1 | 130 | / | 30 |
| Blacksmith | 2 | 280 | / | 120 |
| Gryphon Aviary | 3 | 420 | / | 450 |
| Keep | 1 | 320 | / | 210 |
| Castle | 1 | 360 | / | 210 |
| total: | 30 | 2745g | / | 1275w |
| 0:17 | Peasant |
| 0:17 | Peasant |
| 0:18 | Peasant |
| 0:24 | Altar of Kings |
| 0:35 | Farm |
| 0:47 | Peasant |
| 1:04 | Peasant |
| 1:04 | Peasant |
| 1:09 | Farm |
| 1:18 | Lumber Mill |
| 1:32 | Peasant |
| 1:39 | Scout Tower |
| 1:44 | Peasant |
| 2:05 | Arcane Tower |
| 2:11 | Peasant |
| 2:11 | Peasant |
| 2:16 | Improved Lumber Harvesting |
| 2:29 | Peasant |
| 2:31 | Peasant |
| 2:34 | Thunder Clap |
| 3:07 | Peasant |
| 3:43 | Peasant |
| 3:43 | Peasant |
| 4:33 | Bash |
| 5:03 | Town Hall |
| 5:13 | Scout Tower |
| 5:14 | Scout Tower |
| 5:23 | Scout Tower |
| 5:27 | Farm |
| 5:35 | Scout Tower |
| 5:40 | Farm |
| 5:47 | Guard Tower |
| 5:50 | Scout Tower |
| 5:56 | Scout Tower |
| 5:58 | Guard Tower |
| 6:08 | Arcane Tower |
| 6:16 | Keep |
| 6:17 | Improved Masonry |
| 6:21 | Farm |
| 6:26 | Guard Tower |
| 6:27 | Guard Tower |
| 6:37 | Arcane Vault |
| 7:27 | Blacksmith |
| 7:30 | Scout Tower |
| 7:37 | Blacksmith |
| 7:43 | Lesser Clarity Potion |
| 7:45 | Scroll of Regeneration |
| 7:56 | Guard Tower |
| 8:03 | Scout Tower |
| 8:35 | Guard Tower |
| 8:37 | Farm |
| 8:38 | Castle |
| 8:49 | Gryphon Aviary |
| 9:09 | Gryphon Aviary |
| 9:19 | Peasant |
| 9:20 | Peasant |
| 9:43 | Advanced Lumber Harvesting |
| 9:51 | Gryphon Aviary |
| 9:56 | Peasant |
| 10:02 | Black Gunpowder |
| 10:04 | Iron Forged Swords |
| 10:13 | Dragonhawk Rider |
| 10:27 | Advanced Masonry |
| 10:51 | Studded Leather Armor |
| 10:59 | Gryphon Rider |
| 11:17 | Gryphon Rider |
| 11:30 | Gryphon Rider |
| 11:31 | Gryphon Rider |
| 12:01 | Farm |
| 12:03 | Farm |
| 12:06 | Farm |
| 12:29 | Gryphon Rider |
| 12:35 | Storm Hammers |
| 12:40 | Storm Bolt |
| 12:50 | Farm |
| 12:54 | Farm |
| 13:11 | Steel Forged Swords |
| 13:13 | Imbued Masonry |
| 13:23 | Gryphon Rider |
| 13:41 | Farm |
| 13:48 | Cloud |
| 15:12 | Dragonhawk Rider |
| 15:14 | Gryphon Rider |
| 15:18 | Mithril Forged Swords |
| 15:30 | Reinforced Leather Armor |
| 15:37 | Scroll of Regeneration |
| 17:37 | Orb of Fire |
| 17:38 | Potion of Healing |
| 17:39 | Potion of Mana |
| 18:59 | Thunder Clap |
| 19:22 | Storm Bolt |
| 19:55 | Gryphon Rider |
| 19:55 | Gryphon Rider |
| 19:57 | Dragonhide Armor |
| 20:18 | Avatar |
| 23:02 | Gryphon Rider |
| 23:02 | Gryphon Rider |
| 23:03 | Gryphon Rider |
| 23:24 | Storm Bolt |
| Right click | 420 |
| Select | 336 |
| Chat | 134 |
| Build/train/purchase | 91 |
| Resource trade | 18 |
| Use ability | 4 |
| Minimap ping | 3 |
| Remove unit | 2 |
| Misc. action | 1 |

| Rod of Necromancy | 2 | 300 |
| Potion of Mana | 4 | 800 |
| Orb of Corruption | 1 | 375 |
| Potion of Healing | 4 | 600 |
| Scroll of Town Portal | 3 | 1050 |
| Scroll of Healing | 1 | 250 |
| Circlet of Nobility | 1 | 175 |
| Boots of Speed | 1 | 250 |
| total: | 17 | 3800g |
| Acolyte | 13 | 975 | / | 0 |
| Ghoul | 7 | 840 | / | 0 |
| Frost Wyrm | 9 | 3465 | / | 1080 |
| Crypt Fiend | 4 | 860 | / | 160 |
| total: | 33 | 6140g | / | 1240w |
| Nerubian Tower | 1 | 100 | / | 20 |
| Crypt | 2 | 400 | / | 100 |
| Altar of Darkness | 1 | 180 | / | 50 |
| Ziggurat | 9 | 1350 | / | 450 |
| Tomb of Relics | 1 | 130 | / | 30 |
| Graveyard | 1 | 215 | / | 0 |
| Boneyard | 2 | 350 | / | 400 |
| Halls of the Dead | 1 | 320 | / | 210 |
| Black Citadel | 1 | 325 | / | 230 |
| total: | 16 | 2625g | / | 1030w |
| 0:02 | Acolyte |
| 0:03 | Acolyte |
| 0:09 | Crypt |
| 0:21 | Altar of Darkness |
| 0:35 | Ziggurat |
| 0:54 | Tomb of Relics |
| 1:09 | Ziggurat |
| 1:18 | Ghoul |
| 1:30 | Ghoul |
| 1:54 | Ghoul |
| 1:59 | Nerubian Tower |
| 2:13 | Ghoul |
| 2:25 | Rod of Necromancy |
| 2:32 | Frost Nova |
| 2:34 | Ghoul |
| 3:03 | Halls of the Dead |
| 3:29 | Graveyard |
| 3:47 | Frost Armor |
| 3:58 | Ghoul |
| 4:00 | Ziggurat |
| 4:42 | Ziggurat |
| 5:09 | Creature Attack |
| 5:10 | Ghoul |
| 5:29 | Black Citadel |
| 5:57 | Ziggurat |
| 5:59 | Ziggurat |
| 6:15 | Frost Nova |
| 6:32 | Rod of Necromancy |
| 6:54 | Improved Creature Attack |
| 7:55 | Boneyard |
| 7:57 | Boneyard |
| 8:06 | Frost Armor |
| 8:24 | Potion of Mana |
| 8:28 | Orb of Corruption |
| 8:29 | Potion of Healing |
| 8:37 | Ziggurat |
| 8:38 | Ziggurat |
| 8:39 | Ziggurat |
| 8:43 | Acolyte |
| 8:43 | Acolyte |
| 8:43 | Acolyte |
| 8:43 | Acolyte |
| 8:43 | Acolyte |
| 9:25 | Frost Wyrm |
| 10:06 | Frost Wyrm |
| 10:21 | Frost Wyrm |
| 10:27 | Potion of Mana |
| 10:48 | Frost Wyrm |
| 11:42 | Potion of Healing |
| 11:44 | Scroll of Town Portal |
| 12:07 | Frost Wyrm |
| 12:48 | Potion of Healing |
| 12:48 | Potion of Mana |
| 13:14 | Frost Nova |
| 13:46 | Acolyte |
| 13:46 | Acolyte |
| 13:46 | Acolyte |
| 13:47 | Acolyte |
| 13:47 | Acolyte |
| 14:10 | Frost Wyrm |
| 14:39 | Scroll of Town Portal |
| 14:41 | Potion of Healing |
| 14:41 | Potion of Mana |
| 14:44 | Freezing Breath |
| 15:52 | Frost Wyrm |
| 16:28 | Frost Wyrm |
| 16:41 | Death and Decay |
| 16:59 | Frost Wyrm |
| 17:02 | Creature Carapace |
| 17:39 | Scroll of Healing |
| 17:54 | Scroll of Town Portal |
| 18:21 | Web |
| 18:52 | Frost Armor |
| 19:07 | Dark Ritual |
| 19:17 | Crypt |
| 19:19 | Crypt Fiend |
| 20:13 | Advanced Creature Attack |
| 20:51 | Acolyte |
| 22:24 | Burrow |
| 22:25 | Crypt Fiend |
| 22:36 | Dark Ritual |
| 23:00 | Crypt Fiend |
| 23:36 | Crypt Fiend |
| 23:38 | Improved Creature Carapace |
| 23:49 | Circlet of Nobility |
| 23:50 | Boots of Speed |
| Right click | 836 |
| Select group | 569 |
| Select | 314 |
| Build/train/purchase | 89 |
| Misc. action | 63 |
| Assign group | 52 |
| Use ability | 36 |
| Minimap ping | 36 |
| Chat | 10 |
| Item give/drop | 7 |
127 units @ 15.1k
/ 2.2k
78 buildings @ 10.4k
/ 5.1k


| Healing Salve | 1 | 100 |
| Scroll of Town Portal | 2 | 700 |
| total: | 3 | 800g |
| Peon | 19 | 1425 | / | 0 |
| Troll Headhunter | 21 | 2940 | / | 420 |
| Shaman | 2 | 260 | / | 40 |
| Tauren | 3 | 840 | / | 240 |
| total: | 45 | 5465g | / | 700w |
| Altar of Storms | 1 | 180 | / | 50 |
| Orc Burrow | 8 | 1280 | / | 320 |
| War Mill | 1 | 205 | / | 0 |
| Barracks | 1 | 180 | / | 50 |
| Voodoo Lounge | 1 | 130 | / | 30 |
| Great Hall | 1 | 385 | / | 185 |
| Spirit Lodge | 2 | 300 | / | 300 |
| Tauren Totem | 2 | 270 | / | 310 |
| Stronghold | 1 | 315 | / | 190 |
| Fortress | 1 | 325 | / | 190 |
| total: | 17 | 2930g | / | 1245w |
| 0:03 | Peon |
| 0:03 | Peon |
| 0:12 | Altar of Storms |
| 0:26 | Orc Burrow |
| 0:33 | Peon |
| 0:55 | Peon |
| 1:03 | War Mill |
| 1:27 | Peon |
| 1:34 | Barracks |
| 2:06 | Orc Burrow |
| 2:10 | Peon |
| 2:18 | Peon |
| 2:21 | Peon |
| 2:21 | Peon |
| 2:31 | Voodoo Lounge |
| 2:40 | Troll Headhunter |
| 2:47 | Steel Ranged Weapons |
| 3:00 | Peon |
| 3:11 | Troll Headhunter |
| 3:13 | Feral Spirit |
| 3:29 | Steel Armor |
| 3:32 | Troll Headhunter |
| 3:38 | Troll Headhunter |
| 4:18 | Troll Headhunter |
| 4:21 | Stronghold |
| 4:31 | Orc Burrow |
| 4:45 | Troll Headhunter |
| 4:53 | Chain Lighting |
| 5:15 | Spiked Barricades |
| 5:27 | Troll Headhunter |
| 5:28 | Troll Headhunter |
| 5:28 | Troll Headhunter |
| 6:15 | Troll Headhunter |
| 6:59 | Feral Spirit |
| 7:33 | Great Hall |
| 7:38 | Fortress |
| 7:41 | Thorium Ranged Weapons |
| 7:42 | Thorium Armor |
| 7:56 | Orc Burrow |
| 8:06 | Healing Salve |
| 9:42 | Chain Lighting |
| 9:50 | Troll Regeneration |
| 9:57 | Spirit Lodge |
| 9:59 | Spirit Lodge |
| 10:14 | Hex |
| 10:31 | Peon |
| 10:31 | Peon |
| 10:32 | Peon |
| 10:33 | Peon |
| 10:38 | Arcanite Ranged Weapons |
| 10:46 | Tauren Totem |
| 10:53 | Tauren Totem |
| 12:53 | Peon |
| 12:54 | Peon |
| 12:54 | Peon |
| 12:54 | Peon |
| 12:55 | Peon |
| 13:36 | Troll Headhunter |
| 13:36 | Troll Headhunter |
| 13:36 | Troll Headhunter |
| 13:36 | Troll Headhunter |
| 13:36 | Troll Headhunter |
| 13:36 | Troll Headhunter |
| 13:37 | Troll Headhunter |
| 14:00 | Shaman Adept Training |
| 14:03 | Shaman |
| 14:05 | Shaman |
| 14:11 | Troll Headhunter |
| 14:18 | Arcanite Armor |
| 14:22 | Tauren |
| 14:25 | Tauren |
| 14:31 | Chain Lighting |
| 14:43 | Scroll of Town Portal |
| 14:51 | Tauren |
| 15:11 | Shaman Master Training |
| 15:36 | Troll Headhunter |
| 15:36 | Troll Headhunter |
| 15:36 | Troll Headhunter |
| 15:54 | Orc Burrow |
| 15:59 | Orc Burrow |
| 16:04 | Orc Burrow |
| 17:59 | Scroll of Town Portal |
| 18:15 | Orc Burrow |
| 18:57 | Earth Quake |
| Right click | 295 |
| Select | 188 |
| Build/train/purchase | 80 |
| Chat | 58 |
| Select group | 20 |
| Use ability | 13 |
| Assign group | 7 |
| Minimap ping | 4 |
| Remove unit | 1 |


| Scroll of Regeneration | 1 | 100 |
| Lesser Clarity Potion | 1 | 70 |
| Orb of Fire | 1 | 325 |
| Scroll of Town Portal | 2 | 700 |
| Potion of Lesser Invulnerability | 1 | 150 |
| Scroll of Protection | 1 | 150 |
| total: | 7 | 1495g |
| Peasant | 11 | 825 | / | 0 |
| Footman | 5 | 675 | / | 0 |
| Knight | 3 | 735 | / | 180 |
| Flying Machine | 13 | 1300 | / | 390 |
| Rifleman | 1 | 205 | / | 30 |
| Forest Troll Shadow Priest | 2 | 390 | / | 20 |
| total: | 35 | 4130g | / | 620w |
| Scout Tower | 4 | 120 | / | 80 |
| Guard Tower | 3 | 210 | / | 150 |
| Altar of Kings | 2 | 360 | / | 100 |
| Farm | 9 | 720 | / | 180 |
| Lumber Mill | 2 | 240 | / | 0 |
| Barracks | 2 | 320 | / | 120 |
| Arcane Vault | 1 | 130 | / | 30 |
| Blacksmith | 1 | 140 | / | 60 |
| Workshop | 2 | 280 | / | 280 |
| Keep | 1 | 320 | / | 210 |
| Castle | 1 | 360 | / | 210 |
| total: | 23 | 2310g | / | 850w |
| 0:04 | Peasant |
| 0:04 | Peasant |
| 0:11 | Altar of Kings |
| 0:21 | Peasant |
| 0:32 | Peasant |
| 0:37 | Farm |
| 0:50 | Peasant |
| 0:57 | Lumber Mill |
| 1:11 | Barracks |
| 1:24 | Scout Tower |
| 1:29 | Farm |
| 1:59 | Guard Tower |
| 2:04 | Improved Lumber Harvesting |
| 2:07 | Peasant |
| 2:13 | Farm |
| 2:17 | Storm Bolt |
| 2:23 | Footman |
| 2:38 | Arcane Vault |
| 2:40 | Peasant |
| 2:48 | Footman |
| 3:27 | Keep |
| 4:05 | Footman |
| 4:09 | Farm |
| 4:13 | Bash |
| 4:30 | Farm |
| 4:36 | Footman |
| 4:38 | Scroll of Regeneration |
| 4:39 | Lesser Clarity Potion |
| 5:07 | Footman |
| 5:10 | Blacksmith |
| 5:45 | Forest Troll Shadow Priest |
| 5:55 | Scout Tower |
| 6:11 | Scout Tower |
| 6:16 | Castle |
| 6:38 | Farm |
| 6:41 | Workshop |
| 6:51 | Guard Tower |
| 7:13 | Scout Tower |
| 7:23 | Holy Light |
| 7:40 | Guard Tower |
| 7:45 | Improved Masonry |
| 7:46 | Advanced Lumber Harvesting |
| 8:07 | Defend |
| 8:38 | Knight |
| 8:46 | Barracks |
| 9:21 | Lumber Mill |
| 9:44 | Storm Bolt |
| 10:04 | Forest Troll Shadow Priest |
| 10:09 | Animal War Training |
| 10:10 | Knight |
| 10:22 | Farm |
| 10:32 | Flying Machine |
| 10:40 | Devotion Aura |
| 10:47 | Potion of Lesser Invulnerability |
| 10:50 | Scroll of Town Portal |
| 10:52 | Scroll of Protection |
| 10:58 | Flying Machine |
| 11:07 | Farm |
| 11:18 | Farm |
| 11:21 | Advanced Masonry |
| 11:53 | Flak Cannons |
| 11:57 | Peasant |
| 12:22 | Knight |
| 13:09 | Orb of Fire |
| 13:12 | Flying Machine |
| 13:12 | Flying Machine |
| 13:13 | Flying Machine |
| 13:13 | Flying Machine |
| 13:30 | Scroll of Town Portal |
| 13:50 | Flying Machine |
| 14:12 | Flying Machine |
| 14:55 | Holy Light |
| 15:07 | Flying Machine |
| 15:07 | Flying Machine |
| 15:10 | Workshop |
| 15:24 | Imbued Masonry |
| 15:35 | Black Gunpowder |
| 16:16 | Flying Machine |
| 16:36 | Thunder Clap |
| 17:04 | Rifleman |
| 17:09 | Flying Machine |
| 17:37 | Peasant |
| 17:37 | Peasant |
| 18:04 | Peasant |
| 18:50 | Flying Machine |
| 18:55 | Altar of Kings |
| Right click | 661 |
| Select | 289 |
| Select group | 273 |
| Build/train/purchase | 72 |
| Chat | 37 |
| Use ability | 31 |
| Assign group | 22 |
| Resource trade | 9 |
| Item give/drop | 3 |
| Minimap ping | 1 |
xzz
(96)
(24:17) : 
| Lesser Clarity Potion | 6 | 420 |
| Healing Salve | 2 | 200 |
| Potion of Healing | 1 | 150 |
| Orb of Lightning | 1 | 375 |
| Scroll of Town Portal | 1 | 350 |
| Potion of Invisibility | 1 | 100 |
| total: | 12 | 1595g |
| Peon | 26 | 1950 | / | 0 |
| Demolisher | 3 | 660 | / | 150 |
| Troll Batrider | 18 | 2880 | / | 720 |
| total: | 47 | 5490g | / | 870w |
| Watch Tower | 23 | 2530 | / | 1840 |
| Altar of Storms | 1 | 180 | / | 50 |
| Orc Burrow | 5 | 800 | / | 200 |
| War Mill | 1 | 205 | / | 0 |
| Voodoo Lounge | 1 | 130 | / | 30 |
| Great Hall | 1 | 385 | / | 185 |
| Barracks | 2 | 360 | / | 100 |
| Beastiary | 4 | 580 | / | 560 |
| Stronghold | 1 | 315 | / | 190 |
| Fortress | 1 | 325 | / | 190 |
| total: | 38 | 5170g | / | 2965w |
| 0:05 | Peon |
| 0:05 | Peon |
| 0:08 | Altar of Storms |
| 0:11 | Orc Burrow |
| 0:44 | Peon |
| 0:48 | War Mill |
| 1:02 | Peon |
| 1:20 | Voodoo Lounge |
| 1:37 | Peon |
| 1:47 | Peon |
| 2:12 | Watch Tower |
| 2:14 | Peon |
| 2:16 | Serpent Ward |
| 2:24 | Peon |
| 2:28 | Watch Tower |
| 2:46 | Watch Tower |
| 2:49 | Watch Tower |
| 3:01 | Peon |
| 3:01 | Peon |
| 3:04 | Orc Burrow |
| 3:51 | Peon |
| 3:51 | Peon |
| 4:27 | Great Hall |
| 4:32 | Watch Tower |
| 4:33 | Watch Tower |
| 4:34 | Watch Tower |
| 4:37 | Peon |
| 4:40 | Watch Tower |
| 5:41 | Stronghold |
| 5:44 | Barracks |
| 5:48 | Watch Tower |
| 5:55 | Hex |
| 6:03 | Watch Tower |
| 6:18 | Lesser Clarity Potion |
| 6:18 | Healing Salve |
| 6:34 | Orc Burrow |
| 6:57 | Barracks |
| 7:11 | Watch Tower |
| 7:15 | Peon |
| 8:09 | Demolisher |
| 8:12 | Reinforced Defenses |
| 8:19 | Peon |
| 8:19 | Peon |
| 8:20 | Lesser Clarity Potion |
| 8:27 | Lesser Clarity Potion |
| 8:49 | Peon |
| 8:51 | Watch Tower |
| 8:52 | Watch Tower |
| 8:52 | Watch Tower |
| 8:59 | Potion of Healing |
| 9:00 | Lesser Clarity Potion |
| 9:13 | Demolisher |
| 10:02 | Fortress |
| 10:06 | Watch Tower |
| 10:32 | Demolisher |
| 10:37 | Steel Ranged Weapons |
| 11:08 | Beastiary |
| 11:41 | Steel Armor |
| 11:45 | Beastiary |
| 11:50 | Serpent Ward |
| 12:22 | Potion of Invisibility |
| 12:32 | Burning Oil |
| 12:46 | Troll Batrider |
| 12:48 | Troll Batrider |
| 12:51 | Orc Burrow |
| 13:24 | Liquid Fire |
| 13:26 | Orb of Lightning |
| 13:43 | Beastiary |
| 14:01 | Troll Batrider |
| 15:06 | Troll Batrider |
| 15:17 | Watch Tower |
| 15:17 | Watch Tower |
| 15:20 | Watch Tower |
| 15:24 | Troll Batrider |
| 15:33 | Healing Salve |
| 15:36 | Lesser Clarity Potion |
| 16:00 | Troll Batrider |
| 16:21 | Troll Batrider |
| 16:59 | Beastiary |
| 17:01 | Troll Batrider |
| 17:23 | Orc Burrow |
| 17:26 | Troll Batrider |
| 17:42 | Troll Batrider |
| 18:08 | Watch Tower |
| 18:09 | Watch Tower |
| 18:09 | Watch Tower |
| 18:09 | Watch Tower |
| 18:11 | Watch Tower |
| 18:42 | Peon |
| 18:42 | Peon |
| 18:42 | Peon |
| 18:42 | Peon |
| 19:02 | Peon |
| 19:02 | Peon |
| 19:02 | Peon |
| 19:02 | Peon |
| 19:04 | Peon |
| 19:17 | Lesser Clarity Potion |
| 19:19 | Scroll of Town Portal |
| 19:49 | Troll Batrider |
| 19:59 | Hex |
| 20:05 | Troll Batrider |
| 20:18 | Troll Batrider |
| 20:34 | Troll Batrider |
| 20:44 | Troll Batrider |
| 20:54 | Troll Batrider |
| 21:27 | Troll Batrider |
| 22:04 | Troll Batrider |
| Right click | 1107 |
| Select | 458 |
| Chat | 458 |
| Use ability | 131 |
| Build/train/purchase | 83 |
| Resource trade | 51 |
| Select group | 29 |
| Assign group | 19 |
| Misc. action | 8 |
| Minimap ping | 6 |
| Item give/drop | 2 |
| Esc | 2 |
⇛